 Dungeon Crawl Stone Soup version 0.32-a0-876-gcfddb08e57 (webtiles) character file.

Game seed: 8586012656300674750

5420 pokeman the Thaumaturge (level 10, -23/53 HPs)
             Began as a Deep Elf Hedge Wizard on Apr 1, 2024.
             Was a Believer of Vehumet.
             Incinerated by a deep elf pyromancer (29 damage)
             ... with a pyre arrow
             ... on level 9 of the Dungeon.
             The game lasted 00:18:12 (10483 turns).

pokeman the Thaumaturge (Deep Elf Hedge Wizard)    Turns: 10483, Time: 00:18:12

Health: -23/53     AC:  9    Str:  7    XL:     10   Next: 40%
Magic:  6/29       EV: 12    Int: 31    God:    Vehumet [**....]
Gold:   519        SH:  0    Dex: 14    Spells: 21/35 levels left

rFire   x . .        H - +2 dagger (venom)
rCold   . . .        (no shield)
rNeg    . . .        w - +0 steam dragon scales
rPois   .            c - +0 hat
rElec   .            b - +2 cloak
rCorr   .            (no gloves)
SInv    .            n - +0 pair of boots
Will    +....        x - amulet "Wyaqea" {Acrobat rF- Int+7}
Stlth   +            (no ring)
HPRegen 0.28/turn    (no ring)
MPRegen 0.21/turn

%: acrobat
@: on fire, on blink cooldown, slowed, glowing, very slow
A: no striking features
a: Renounce Religion


You were on level 9 of the Dungeon.
You worshipped Vehumet.
Vehumet was pleased with you.
You visited 2 branches of the dungeon, and saw 10 of its levels.

You collected 519 gold pieces.

Inventory:

Hand Weapons
 G - a +0 whip of electrocution
 H - a +2 dagger of venom (weapon)
Missiles
 p - 5 throwing nets
Armour
 b - a +2 cloak (worn)
 c - a +0 hat (worn)
 n - a +0 pair of boots (worn)
 u - the +1 robe of Perpetual Drought {rN++ Will- Stlth+}
   (You found it on level 3 of the Dungeon)

   rN++:      It greatly protects you from negative energy.
   Will-:     It decreases your willpower.
   Stlth+:    It makes you more stealthy.
 w - +0 steam dragon scales (worn)
 y - a +0 buckler
 K - an orb of energy
 N - a +2 scale mail of fire resistance
Jewellery
 x - the amulet "Wyaqea" (around neck) {Acrobat rF- Int+7}
   (You found it on level 4 of the Dungeon)

   [amulet of the acrobat]

   Acrobat:   It increases your evasion while moving and waiting.
   Int+7:     It affects your intelligence (+7).
   rF-:       It makes you vulnerable to fire.
Wands
 z - a wand of light (10)
Scrolls
 a - a scroll of poison {unknown}
 e - 2 scrolls of immolation {unknown}
 h - 5 scrolls of enchant weapon {unknown}
 i - 4 scrolls of identify {unknown}
 j - 2 scrolls of revelation {unknown}
 k - 2 scrolls of brand weapon {unknown}
 r - a scroll of fog {unknown}
 A - a scroll of torment {unknown}
 B - a scroll of vulnerability {unknown}
 C - 2 scrolls of butterflies {unknown}
 D - a scroll of fear {unknown}
 E - 3 scrolls of teleportation {unknown}
 F - 3 scrolls of noise {unknown}
 J - a scroll of amnesia {unknown}
Potions
 d - 2 potions of magic
 f - a potion of cancellation {unknown}
 g - a potion of mutation {unknown}
 l - 2 potions of degeneration {unknown}
 m - 2 potions of berserk rage {unknown}
 o - 2 potions of haste {unknown}
 q - a potion of might {unknown}
 s - 6 potions of curing {unknown}
 t - a potion of lignification {unknown}
 v - a potion of attraction {unknown}
 I - a potion of resistance {unknown}
 L - a potion of heal wounds {unknown}
 M - a potion of invisibility {unknown}
Miscellaneous
 O - a phial of floods
 P - a lightning rod (4/4)


   Skills:
 - Level 2.1 Fighting
 + Level 2.6 Armour
 - Level 3.0 Dodging
 - Level 3.0 Stealth
 - Level 4.0 Shields
 * Level 13.3 Spellcasting
 + Level 7.5 Conjurations
 - Level 1.1 Summonings
 - Level 1.1 Translocations
 + Level 1.3 Ice Magic
 - Level 1.0 Air Magic
 + Level 7.0 Earth Magic
 - Level 1.0 Alchemy
 - Level 1.0 Evocations


You had 21 spell levels left.
You knew the following spells:

 Your Spells              Type           Power      Damage    Failure   Level
a - Magic Dart            Conj           100%       1d8       1%          1
b - Mephitic Cloud        Conj/Alch/Air  40%        N/A       1%          3
c - Call Imp              Summ           54%        N/A       2%          2
d - Blink                 Tloc           54%        N/A       2%          2
e - Stone Arrow           Conj/Erth      100%       3d13      1%          3
f - Summon Ice Beast      Ice/Summ       28%        N/A       4%          3

Your spell library contained the following spells:

 Spells                   Type           Power      Damage    Failure   Level
 Static Discharge         Conj/Air       94%        3-7/arc   1%          2
 Momentum Strike          Conj/Tloc      94%        3d10      1%          2
 Slow                     Hex            80%        N/A       2%          1
 Cigotuvi's Dreadful Rot  Necr/Alch/Air  50%        N/A       2%          2
 Lesser Beckoning         Tloc           54%        N/A       2%          2
 Animate Armour           Summ/Erth      90%        N/A       4%          4
 Summon Mana Viper        Hex/Summ       24%        N/A       45%         5
 Monstrous Menagerie      Summ           13%        N/A       100%        7
 Lehudib's Crystal Spear  Conj/Erth      30%        10d8      100%        8


Dungeon Overview and Level Annotations

Branches:
Dungeon (9/15)             Temple (1/1) D:6            Lair (0/5) D:8
    Orc: D:9-12

Altars:
Ashenzari
Cheibriados
Dithmenos
Fedhas
Gozag
Hepliaklqana
Kikubaaqudgha
Makhleb
Nemelex Xobeh
Okawaru
Qazlal
Ru
Sif Muna
Trog
Uskayaw
Vehumet
Wu Jian
Xom
Yredelemnul
Zin
The Shining One

Shops:
D:4 :

Annotations:
D:8 3 runed translucent doors, Biggs's ghost, novice CoHu; Lysca's ghost, novice SpCj; Rudyous's ghost, novice HuCj


Message History

You barely miss the deep elf pyromancer.
The liquid fire burns you!
* * * LOW HITPOINT WARNING * * *
The boulder beetle seems less confused.
A cyan ugly thing comes into view.
The deep elf pyromancer is engulfed in noxious fumes.
The deep elf pyromancer appears confused.
The deep elf pyromancer hits you with a +0 dagger.
* * * LOW HITPOINT WARNING * * *
The boulder beetle closely misses you.
Unknown command.
Casting: Mephitic Cloud (safe; 1% risk of failure)
Confirm with . or Enter, or press ? or * to list all spells.
You blink.
The liquid fire burns you!
* * * LOW HITPOINT WARNING * * *
The cyan ugly thing is engulfed in noxious fumes.
The wraith hits you.
* * * LOW HITPOINT WARNING * * *
The wraith drains your vigour!
You feel yourself slow down.
The deep elf pyromancer is engulfed in noxious fumes.
The boulder beetle curls into a ball and begins rolling!
Unknown command.
Okay, then.
Unknown command.
Aiming: Bolt of Light
Press: ? - help, Shift-Dir - straight line, f/p - deep elf pyromancer
Aim: a deep elf pyromancer, wielding a +0 dagger and wearing a +0 ring mail (translocational energy, confused, 86% to hit)
The bolt of light hits the wraith!
The wraith is moderately damaged.
The bolt of light hits the boulder beetle.
You kill the boulder beetle!
Vehumet accepts your kill.
You feel your power returning.
The bolt of light hits the deep elf pyromancer!
The deep elf pyromancer is moderately wounded.
The deep elf pyromancer is blinded.
The liquid fire burns you!
Ouch! That really hurt!
You die...

..## ... .. . #. ### ..
##§##.:# ... #§§.#..#
.... # # #e.## .....
#.##. ##†W##...... ...#
##.@.......
#..###..##......
#..#..###......
#...#..#.##...
##.##..#..#### #
#######.#####...... .
.......................
.....##..##...........#
........###...#####...#


You could see a deep elf pyromancer (confused, blind, unable to see you) and a
wraith.

Vanquished Creatures
  A boulder beetle (D:9)
  Pikel (D:7)
  An elephant (D:8)
  Jeremiah (D:7)
  A komodo dragon (D:8)
  A wyvern (D:8)
  A vampire (D:8)
  2 steam dragons
  2 orc warriors (D:7)
  2 ice beasts
  A sky beast (D:4)
  2 black bears
  2 centaurs
  2 ogres (D:5)
  A phantom (D:5)
  2 lemures (D:7)
  3 kobold brigands
  2 gnoll sergeants
  4 scorpions
  6 bullfrogs
  5 wights (D:6)
  2 howler monkeys
  7 hounds
  3 jellies
  4 orc priests
  3 sleepcaps
  A gnoll bouda (D:6)
  An iguana (D:5)
  8 orc wizards
  30 gnolls
  9 adders
  A white imp (D:5)
  6 ufetubi
  4 dart slugs
  A ribbon worm (D:4)
  19 orcs
  6 ball pythons
  11 endoplasms
  4 giant cockroaches
  6 goblins
  7 hobgoblins
  18 kobolds
  8 quokkas
  3 bats
  4 frilled lizards
  7 rats
216 creatures vanquished.

Notes
Turn   | Place    | Note
-------+----------+-------------------------------------------
     0 | D:1      | pokeman the Deep Elf Hedge Wizard began the quest for the
                  | Orb.
     0 | D:1      | Reached XP level 1. HP: 10/10 MP: 7/7
   300 | D:1      | Reached XP level 2. HP: 15/15 MP: 6/9
   645 | D:1      | Reached skill level 5 in Spellcasting
   824 | D:1      | Reached XP level 3. HP: 20/20 MP: 6/11
   890 | D:1      | Learned a level 3 spell: Mephitic Cloud
   893 | D:1      | Learned a level 2 spell: Call Imp
   896 | D:1      | Learned a level 2 spell: Blink
  1045 | D:2      | Reached skill level 1 in Fighting
  1045 | D:2      | Reached skill level 1 in Armour
  1281 | D:2      | Reached XP level 4. HP: 25/25 MP: 10/13
  2236 | D:2      | Found a faded altar of an unknown god.
  2294 | D:2      | Reached skill level 6 in Spellcasting
  2497 | D:3      | Reached XP level 5. HP: 29/29 MP: 11/15
  2605 | D:3      | Learned a level 3 spell: Stone Arrow
  2619 | D:3      | Identified the +1 robe of Perpetual Drought {rN++ Will-
                  | Stlth+}
  3197 | D:3      | Found a hide-covered altar of Uskayaw.
  3496 | D:4      | Reached skill level 1 in Air Magic
  3725 | D:4      | Reached skill level 1 in Earth Magic
  3725 | D:4      | Reached skill level 1 in Alchemy
  3814 | D:4      | Reached XP level 6. HP: 34/34 MP: 9/17
  3886 | D:4      | Found a shadowy altar of Dithmenos.
  3894 | D:4      | Identified the amulet "Wyaqea" {Acrobat rF- Int+7}
  4029 | D:4      | Noticed a sky beast
  4061 | D:4      | Killed a sky beast
  4062 | D:4      | Reached skill level 7 in Spellcasting
  4275 | D:4      | Found Tikher's Tremendous Tomes.
  4662 | D:5      | Entered Level 5 of the Dungeon
  4694 | D:5      | Reached XP level 7. HP: 39/39 MP: 13/20
  4812 | D:5      | Reached skill level 8 in Spellcasting
  5562 | D:5      | Reached skill level 1 in Evocations
  5562 | D:5      | Reached XP level 8. HP: 44/44 MP: 15/22
  5763 | D:5      | Reached skill level 9 in Spellcasting
  5820 | D:5      | Found a hazy altar of Hepliaklqana.
  5820 | D:5      | Found a faded altar of an unknown god.
  5828 | D:5      | Found an ancient bone altar of Kikubaaqudgha.
  5830 | D:5      | Found a faded altar of an unknown god.
  5831 | D:5      | Found a blossoming altar of Fedhas.
  6208 | D:6      | Reached skill level 1 in Shields
  6208 | D:6      | Reached skill level 5 in Conjurations
  6373 | D:6      | Reached skill level 10 in Spellcasting
  6531 | D:6      | Found a staircase to the Ecumenical Temple.
  6540 | Temple   | Entered the Ecumenical Temple
  6556 | Temple   | Became a worshipper of Vehumet
  6748 | D:6      | Reached XP level 9. HP: 48/48 MP: 20/25
  6910 | D:6      | Reached skill level 5 in Earth Magic
  7666 | D:7      | Noticed Pikel
  7681 | D:7      | Killed Pikel
  7682 | D:7      | Reached skill level 11 in Spellcasting
  7974 | D:7      | Reached * piety under Vehumet
  7974 | D:7      | Offered knowledge of Shock by Vehumet.
  8217 | D:7      | Reached skill level 12 in Spellcasting
  8222 | D:7      | Noticed Jeremiah
  8237 | D:7      | Killed Jeremiah
  8491 | D:7      | Found a sparkling altar of Nemelex Xobeh.
  8987 | D:8      | Reached XP level 10. HP: 48/53 MP: 15/28
  9033 | D:8      | Noticed an elephant
  9060 | D:8      | Killed an elephant
  9208 | D:8      | Found a staircase to the Lair.
  9218 | D:8      | Learned a level 3 spell: Summon Ice Beast
  9272 | D:8      | Reached skill level 13 in Spellcasting
  9314 | D:8      | Offered knowledge of Static Discharge by Vehumet.
  9324 | D:8      | Reached ** piety under Vehumet
  9877 | D:8      | Reached skill level 1 in Ice Magic
  9899 | D:8      | Found a runed translucent gate.
  9899 | D:8      | Found a runed translucent gate.
  9899 | D:8      | Found a runed translucent gate.
  9904 | D:8      | Noticed Rudyous's ghost (novice HuCj)
  9904 | D:8      | Noticed Biggs's ghost (novice CoHu)
  9904 | D:8      | Noticed Lysca's ghost (novice SpCj)
 10387 | D:9      | Found a shimmering blue altar of Sif Muna.
 10469 | D:9      | Noticed a boulder beetle
 10477 | D:9      | Noticed a deep elf pyromancer
 10481 | D:9      | Noticed a cyan ugly thing
 10483 | D:9      | Killed a boulder beetle
 10483 | D:9      | Incinerated by a deep elf pyromancer

Illustrated notes

Levels and vault maps discovered:
D:1:      saegor_arrival_simple_b, layout_rooms
D:2:      layout_basic, shapermc_ecumenical_altar_notcrosses
D:3:      layout_basic, mainiacjoe_overflow_alcove_1,
          chequers_serial_rivers_micro_d, chequers_serial_rivers_room_b
D:4:      layout_loops_ring, grunt_dithmenos_smoke,
          nicolae_shop_i_like_big_books
D:5:      layout_basic, chequers_temple_overflow_minitemple
D:6:      layout_basic, minmay_temple_entry_stoned_glass, grunt_decor_resistance
D:7:      layout_basic, nemelex_xobeh_ov_fountains_minmay, uniq_jeremiah,
          uniq_pikel
D:8:      layout_basic, grunt_lair_entry_orc_guard_hut,
          gammafunk_ghost_cemetery, minmay_misc_feat_chi, minmay_curled_crystal,
          hangedman_decor_points, grunt_decor_clamped
D:9:      layout_irregular_city, tgw_sif, minmay_orc_entry_guard_dogs,
          minmay_the_grid_2x2 [minmay_the_grid_outer_circle,
          minmay_the_grid_large_cup, minmay_the_grid_zigzag_pyramid,
          minmay_the_grid_prize_four_corners_diamond_a]
Temple:   jpeg_temple_clearing

Skill      XL: |  1  2  3  4  5  6  7  8  9 10 |
---------------+-------------------------------+-----
Spellcasting   | 5 6 7 8 10 12 13 | 13.3
Fighting       | 1 2 |  2.1
Armour         | 1 2 |  2.6
Conjurations   | 2 3 4 5 7 |  7.5
Stealth        | 3 |  3.0
Dodging        | 3 |  3.0
Air Magic      | 1 |  1.0
Earth Magic    | 1 2 3 4 6 7 |  7.0
Alchemy        | 1 |  1.0
Evocations     | 1 |  1.0
Shields        | 2 3 4 |  4.0
Ice Magic      | 1 |  1.3
Summonings     | |  1.1
Translocations | |  1.1

Action                     |  1- 3 |  4- 6 |  7- 9 | 10-12 || total
---------------------------+-------+-------+-------+-------++-------
  Melee: Dagger            |     8 |     6 |    13 |    35 ||    62
         Short sword       |       |    14 |    34 |       ||    48
   Cast: Magic Dart        |    83 |   121 |    26 |    10 ||   240
         Mephitic Cloud    |     1 |     4 |     9 |     5 ||    19
         Call Imp          |     1 |       |       |       ||     1
         Stone Arrow       |       |    15 |   119 |    36 ||   170
         Blink             |       |       |       |     1 ||     1
  Evoke: Wand              |       |       |     2 |     1 ||     3
   Stab: Confused          |     3 |     1 |     7 |     1 ||    12
         Invisible         |       |       |     3 |       ||     3
         Sleeping          |       |       |       |     1 ||     1
 Armour: Robe              |    10 |    15 |    26 |       ||    51
         Steam dragon scal |       |       |    16 |    24 ||    40
  Dodge: Dodged            |     5 |    20 |    50 |    26 ||   101

Table legend: (Time is in decaauts)
 A = Elapsed time spent in this place.
 B = Non-inter-level travel time spent in this place.
 C = Inter-level travel time spent in this place.
 D = Time resting spent in this place.
 E = Time spent auto-exploring this place.
 F = Levels seen in this place.
 G = Mean time per level.
                   A        B        C        D        E       F      G
               +--------+--------+--------+--------+--------+-----+--------+
         Total |  10484 |  10205 |    279 |    389 |   8631 |  10 | 1048.4 |
       Dungeon |  10342 |  10093 |    249 |    283 |   8631 |   9 | 1149.1 |
        Temple |    142 |    112 |     30 |    106 |      0 |   1 |  142.0 |
               +--------+--------+--------+--------+--------+-----+--------+

Top non-repeatable levels by time:
     D:6: 1621 daAuts
     D:2: 1353 daAuts
     D:8: 1290 daAuts
     D:4: 1271 daAuts
     D:5: 1236 daAuts
     D:7: 1189 daAuts
     D:1: 1033 daAuts
     D:3: 1007 daAuts
     D:9: 338 daAuts
  Temple: 142 daAuts
